 Dungeon Crawl Stone Soup version 0.17-a0-1954-g0dddeaa (webtiles) character file.

250 4thArraOfDagon the Ruffian (level 5, -1/48 HPs)
             Began as a Troll Hunter on Oct 3, 2015.
             Slain by a yak (14 damage)
             ... on level 5 of the Dungeon.
             The game lasted 00:03:36 (638 turns).

4thArraOfDagon the Ruffian (Troll Hunter)            Turns: 638, Time: 00:03:36

Health: -1/48      AC:  7    Str: 20    XL:     5   Next: 88%
Magic:  4/4        EV:  9    Int:  8    God:
Gold:   26         SH:  0    Dex: 10    Spells: 0 memorised, 4 levels left

rFire  . . .     SeeInvis .       - Unarmed
rCold  . . .     Clarity  .     d - +0 robe
rNeg   . . .     SustAt   .     (no shield)
rPois  +         Gourm    +     (helmet restricted)
rElec  .         Spirit   .     j - +1 cloak {rPois}
rCorr  .         Warding  .     (gloves unavailable)
rMut   .         Stasis   .     (boots unavailable)
MR     .....                    (no amulet)
Stlth  +.........               (no ring)
                                (no ring)

@: very slightly contaminated, hasted, very quick, not resistant to hostile
enchantments, very unstealthy
A: unfitting armour, claws 3, fast metabolism 3, gourmand, regeneration 2,
shaggy fur 1, tough skin 2
a: no special abilities


You were on level 5 of the Dungeon.
You were full.

You visited 1 branch of the dungeon, and saw 5 of its levels.

You collected 26 gold pieces.

Inventory:

Missiles
 a - 5 large rocks (quivered)
Armour
 d - a +0 robe (worn)
 j - a +1 cloak of poison resistance (worn)
Jewellery
 n - an uncursed ring of protection from magic {unknown}
Scrolls
 c - 2 scrolls of identify {unknown}
 f - a scroll of random uselessness {unknown}
 l - a scroll of remove curse {unknown}
 m - a scroll of enchant weapon {unknown}
Comestibles
 e - 3 bread rations
 g - 3 fruits
 i - a slice of pizza


   Skills:
 - Level 1.5 Fighting
 - Level 3.6 Throwing
 - Level 1.5 Dodging
 - Level 0.4 Stealth
 * Level 5.8 Unarmed Combat


You had 4 spell levels left.
You didn't know any spells.

Dungeon Overview and Level Annotations

Branches:
Dungeon (5/15)
 Temple: D:4-7

Altars:
Yredelemnul


Innate Abilities, Weirdness & Mutations

You are too large for most types of armour.
You have claws for hands.
Your metabolism is lightning-fast.
You like to eat raw meat.
You heal very quickly.
You are covered in fur (AC +1).
You have very tough skin (AC +2).


Message History

You scratch the yak but do no damage. The yak barely misses you.
You claw the yak!
The yak is moderately wounded.
The yak closely misses you.
You scratch the yak.
The yak is moderately wounded.
You claw the yak!
The yak is severely wounded.
The yak gores you!
You closely miss the yak.
The yak is severely wounded.
You completely miss the yak.
The yak is severely wounded.
The yak gores you.
* * * LOW HITPOINT WARNING * * *
Unknown command.
You scratch the yak.
The yak is severely wounded.
The yak gores you!
You die...

# .#
###.###
#.....#
#@# . #Y#
#..#####.#
#..c..#)#
.#. #.(.##
$.. ##.(.#
.O
#.#.###.#
#)#.##..
#.#..#.#
###


You could see a yak.

Vanquished Creatures
  A centaur (D:5)
  A scorpion (D:5)
  Crazy Yiuf (D:2)
  An orc wizard (D:4)
  An iguana (D:4)
  2 giant geckos
  6 orcs
  3 bats
  6 goblins
  2 jackals (D:1)
  A quokka (D:4)
  2 ball pythons (D:2)
  3 giant cockroaches
  A giant newt (D:1)
  2 kobolds
  A rat (D:1)
34 creatures vanquished.

Notes
Turn   | Place    | Note
--------------------------------------------------------------
     0 | D:1      | 4thArraOfDagon the Troll Hunter began the quest for the Orb.
     0 | D:1      | Reached XP level 1. HP: 19/19 MP: 0/0
    50 | D:1      | Reached skill level 1 in Unarmed Combat
   175 | D:2      | Reached XP level 2. HP: 27/27 MP: 1/1
   210 | D:2      | Noticed Crazy Yiuf
   215 | D:2      | Killed Crazy Yiuf
   215 | D:2      | Reached XP level 3. HP: 33/33 MP: 2/2
   520 | D:4      | Reached skill level 4 in Unarmed Combat
   520 | D:4      | Reached XP level 4. HP: 41/41 MP: 3/3
   570 | D:5      | Entered Level 5 of the Dungeon
   579 | D:5      | Reached skill level 5 in Unarmed Combat
   579 | D:5      | Reached XP level 5. HP: 40/48 MP: 4/4
   594 | D:5      | Noticed a yak
   595 | D:5      | Noticed a yak
   598 | D:5      | Noticed a yak
   608 | D:5      | Found a basalt altar of Yredelemnul.
   610 | D:5      | Noticed an ogre
   615 | D:5      | Noticed a centaur
   626 | D:5      | Killed a centaur
   630 | D:5      | :(
   638 | D:5      | Slain by a yak

Vault maps used:
D:1:      tarquinn_simple_flora_water_a, minivault_19
D:2:      minmay_misc_feat_cross, uniq_crazy_yiuf_cottage
D:3:      lemuel_crystal_altar, wad_floor_pattern_untrapped,
          serial_bayou_crossing
D:4:      kennysheep_little_box, lightli_temple_of_fire, uniq_duvessa,
          uniq_grinder, uniq_pikel
D:5:      grunt_temple_overflow_open, first_bread

Action                   |  1- 3 |  4- 6 || total
-------------------------+-------+-------++-------
Melee: Unarmed           |    80 |    25 ||   105
Throw: Large rock        |     8 |     1 ||     9
       Throwing net      |       |     2 ||     2
  Use: Potion            |       |     2 ||     2
 Stab: Sleeping          |     2 |       ||     2
  Eat: Chunk             |     9 |       ||     9
